murrayjames, neutral male human Barbarian }}}}}}}}}}}}}}}}}}}}}}}}}}}}}}}}}}}}}}}}}}}}}}}}}}}}}}}}}}}}}}}}}}}}}}}}}}}}}}} }}}}}}}}}}}}}}}}}}}}}}.}}}}}}}}}}}}}}}}}}.}.}.}}}}}}}}}}.}.....}.} }}}}}}}}}}}}}}}}}}}}....}.}}}}}}}}}}}}}}}.....}}}}}}}} - }..}}}}}}}}}}}}}}}}}......}}.}}.}}}}}}}}0 }}}}}}}}.| }<.}}}}}}}}}}>$.}^......}}}.}T....}}.}...}}...}}}}}}}}.| }.}}}}}}}}}}}........}}.}}}}...........0 ...$.}}}}.| }.}}}}}}}}}........}}.}}}}}}}^.........}}....}}.....}..| }.}}}}}}}}........}}}}}}.}}}.d.........}}...}}}}.......| })&}}}}}}}.....}..}}}}}}d}}dr@......0 .............+ })%@}}}}}}%%$.@...}}}}}}}&.i@i.@.GG..i......}}}}}}}}}..+ }}}%}}}}@...0 }}..}}}}}}}}}.@?.......^......}}}}}}}}}..+ }}}...}}T}..}}}}...}}}}}}}}}.........*.....^}}}}}}}}}}.| }}}}}.}}@}}.}}}G....}}}}}}}}.*...}}..........}}}}}}}}}.| }}}}}....}}}}}}}.}...}}}}}}d}}...}}}.}.}}.......}}}}...| }}}}}}}.!}}}}}}..}}}.}}.}}}}}}.}}}}}.............}}}}..| }}}}}}}}}}}}}}}}}}}}...........}}}.}.}}..0 ......}}}}..| }}}}}}}}}}}}}}}}}}}.....}}}}}}}}}&..(}}}}..}} ...}}}.}- }}}}}}}}}}}}}}}}}}}...}}}}}}}}}}}....}}}}.}}}}}..}}}.$}}}. }}}}}}}}}}}}}}}}}}}}}.}}}}}}}}}}}}.}.}.}}}.}}}}}}}}}}.}}.}}...} }}}}}}}}}}}}}}}}}}}}}}}}}}}}}}}}}}}}}.}}}}}}}}}}}}}}}}}}}}}..}}}}}. }}}}}}}}}}}}}}}}}}}}}}}}}}}}}}}}}}}}}}}}}}}}}}}}}}}}}}}}}}}}}}}}}}}}}}}} murrayjames the Raider Experience level: 15 Strength: 25 Dexterity: 18 Constitution: 17 Intelligence: 9 Wisdom: 7 Charisma: 8 Health: 0(169) Energy: 47(47) AC: -10 Gold: 0 Moves: 16057 Your Inventory: Amulets r - an [uncursed] convex amulet [of reflection] Weapons a - an uncursed very rusty very corroded +2 two-handed sword (weapon in hands) i - 4 uncursed [+0] elven daggers k - 4 [uncursed +1] silver arrows [of frost] W - a blessed [+0] elven dagger (in quiver) Armor b - a cursed +0 striped shirt n - a blessed fireproof +4 pair of speed boots (being worn) C - a blessed rustproof +0 pair of gauntlets of power (being worn) J - a [cursed -1] pair of mud boots [levitation] K - a blessed thoroughly burnt +2 mummy wrapping (being worn) Q - a blessed rusty +1 dwarvish iron helm (being worn) X - an uncursed rusty +1 banded mail of searching (being worn) Comestibles s - an [uncursed] C-ration t - 2 [uncursed] food rations Potions S - an [uncursed] effervescent potion [of acid] Rings f - an uncursed ring of free action u - an uncursed very rusty ring of teleport control (on right hand) E - an uncursed ring of conflict (on left hand) N - an [uncursed +2] bronze ring [of gain constitution] Wands e - an [uncursed] very rusty wand of fire [0:3] g - an [uncursed] wand of striking [0:7] h - an uncursed wand of probing (0:5) j - an [uncursed] wand of magic missile [0:3] q - an [uncursed] wand of create monster [0:13] v - an uncursed wand of digging (0:8) z - an uncursed rusty wand of teleportation [0:4] F - an uncursed wand of striking [0:3] H - an [uncursed] wand of magic missile [0:5] I - an [uncursed] wand of teleportation [0:4] L - an uncursed wand of sleep (0:1) P - an [uncursed] wand of lightning [0:3] R - an [uncursed] wand of striking [0:1] V - an uncursed very rusty wand of lightning [0:2] Y - an [uncursed] wand of striking [0:2] Z - a [blessed] wand of magic missile [0:4] Tools d - a blessed magic lamp (lit) l - an uncursed blindfold m - an uncursed silver bell [(Bell of Opening) (0:3)] A - an uncursed [+0] unicorn horn B - a [blessed] candelabrum [Candelabrum of Invocation] (no candles attached) G - an uncursed thoroughly rusty [+0] pick-axe M - an uncursed very rusty key [skeleton key] Gems o - the blessed Heart of Ahriman Spells known in the end: Name Level Category Fail Memory Your skills at the end: Fighting Skills bare handed combat [Basic / Master] body armor [Skilled / Skilled] Weapon Skills axe [Basic / Expert] two-handed sword [Expert / Expert] Spellcasting Skills Final Attributes: You were piously aligned. Hunger level was 831. Your alignment was 90 / 90. Monster difficulty range was 6 - 27. Level difficulty was 40. You resisted fire. You resisted cold. You were immune to poison. You were magic-protected. You saw invisible. You were telepathic. You had automatic searching. You were displaced. You were stealthy. You caused conflict. You could teleport. You had teleport control. You were very fast. You were lucky (3). You had extra luck. Good luck did not time out for you. You are dead (2nd time!). Vanquished creatures: Juiblex Vlad the Impaler Medusa Croesus 2 master liches a titan Thoth Amon a tatzelworm a gold dragon a guivre a leviathan a wyvern 2 amphiteres a draken a sarkany a jabberwock a baluchitherium 5 stone golems a Nazgul a pit fiend 4 hell hounds a titanothere a baby amphitere 2 baby drakens 13 vampire lords 2 skeletons a shade a lich a clay golem 3 nurses 4 ice devils an ettin 19 vampires 2 lieutenants 22 ghosts 2 locusts 2 mind flayers a giant mimic a zruty an ogre king 5 ice trolls 38 rock trolls 3 flesh golems an Elvenking 3 doppelgangers 8 hezrous 3 bone devils a large mimic 2 baby purple worms 2 long worms a couatl a stalker 3 hill giants 2 giant mummies a xorn 8 giant zombies an elf-lord 9 sergeants 6 barbed devils 3 vrocks a salamander 4 wargs 2 winter wolves 3 hell hound pups 4 small mimics a rodent of unusual size a warhorse 2 steam vortices a xan 3 ettin mummies 3 ogre lords 5 quantum mechanics 20 trolls 2 sasquatches 2 erinyes 3 mariliths 5 electric eels a giant turtle 2 gelatinous cubes a freezing sphere a flaming sphere 3 shocking spheres 2 large cats 4 tigers a dwarf king 3 tengu 4 ochre jellies 2 energy vortices 2 mountain centaurs a stone giant 6 human mummies 4 red nagas 2 green slimes 3 cobras 19 wraiths 2 carnivorous apes 10 ettin zombies 61 soldiers 17 horned devils 6 succubi 4 incubi 3 chameleons a crocodile 5 giant beetles a quivering blob 5 cockatrices a gremlin a spotted jelly 4 leprechauns 2 orc-captains 2 iron piercers 7 giant spiders 3 scorpions 2 horses 2 ice vortices a black light 3 vampire bats a forest centaur 2 gnome kings 2 orc mummies 4 dwarf mummies 71 ogres a brown pudding a rust monster 2 owlbears a yeti 3 gold golems 5 werewolves 8 Green-elves 5 giant eels 6 lizards 2 chieftains 2 chickatrices a dingo a jaguar 2 dwarf lords 3 blue jellies a white unicorn a black unicorn a dust vortex 12 ravens 2 plains centaurs 3 gnome mummies 2 snakes 3 apes 15 human zombies 4 Woodland-elves a soldier ant 3 fire ants 29 bugbears an imp 87 lemures a quasit 2 wood nymphs 2 water nymphs 9 Mordor orcs 3 Uruk-hai 6 orc shamans 5 rock piercers 5 enormous rats 2 rock moles 2 fog clouds 6 yellow lights a shrieker 2 violet fungi 14 gnome lords 3 gnomish wizards 4 kobold mummies a black naga hatchling 4 gray oozes a barrow wight 11 elf zombies 3 ghouls 3 paper golems a wax golem 2 jellyfish 6 giant ants 2 little dogs 6 floating eyes a kitten 11 dwarves 2 homunculi 3 kobold lords a kobold shaman 13 hill orcs 9 rothes a centipede 3 giant bats 9 orc zombies 13 dwarf zombies a wererat a werejackal 7 iguanas 2 acid blobs 2 coyotes 4 hobbits 2 large kobolds 25 hobgoblins 3 giant rats 3 cave spiders a brown mold 3 yellow molds a green mold 39 gnomes 6 gnome zombies 3 geckos 10 jackals a fox 2 kobolds 11 goblins 6 sewer rats a grid bug a bat 6 lichens 9 kobold zombies 13 newts 1101 creatures vanquished. Genocided or extinct species: arch-liches erinyes (extinct) 1 species genocided. 2 species extinct. Voluntary challenges: You used a wielded weapon 1777 times. You read items or engraved 47 times. You put on armor 39 times. You genocided 1 type of monster. You never polymorphed an object. You never changed form. You used 3 wishes. You used 2 wishes for magical items. You did not wish for any artifacts. You wrote Elbereth's name 15 times. You encountered 3 bones levels. You never used any Sokoban shortcuts. Dungeon overview: The Dungeons of Doom: levels 1 to 28 Level 1 (vault, chaotic altar) an altar, a fountain a long staircase Level 2 (shop) Level 3 (shop) a general store, some fountains Level 4 (vault, stairs to gnomish mines) a fountain stairs to The Gnomish Mines Level 6 an altar Level 7 a fountain Level 8 many fountains Level 9 a fountain stairs to Sokoban Level 10 (shop) an armor shop, a fountain Level 12 portal to Fort Ludios Level 15 a delicatessen portal to The Quest Level 16 some fountains Level 17 a fountain Level 21 a fountain Level 22 a fountain Level 23 some fountains, a sink Gehennom: levels 29 to 40 Level 29 a temple, a magic chest stairs to The Dungeons of Doom Level 30 many fountains Level 32 many fountains Level 39 stairs to Vlad's Tower Level 40 <- You were here a long staircase The Gnomish Mines: levels 5 to 13 Level 5 stairs to The Dungeons of Doom Level 8 a general store, some fountains Level 13 some fountains The Quest: levels 1 to 5 Level 1 a magic chest portal to The Dungeons of Doom Level 5 an altar Sokoban: Level 8 a magic chest stairs to The Dungeons of Doom Fort Ludios: Level 1 portal to The Dungeons of Doom Vlad's Tower: levels 35 to 38 Level 38 many trees stairs to Gehennom History has recorded: On T:1 you entered the Dungeons of Doom to retrieve the Amulet of Yendor! On T:27 you reached level 2 of The Dungeons of Doom. On T:400 you advanced to experience level 2. On T:834 you reached level 3 of The Dungeons of Doom. On T:929 you advanced to experience level 3. On T:1017 you advanced to experience level 4. On T:1074 you reached level 4 of The Dungeons of Doom. On T:1109 you advanced to experience level 5. On T:1417 you advanced to experience level 6. On T:2627 you reached level 1 of The Gnomish Mines. On T:2641 you advanced to experience level 7. On T:3231 you wished for "blessed fireproof +2 pair of speed boots". On T:3473 you reached level 5 of The Dungeons of Doom. On T:3709 you reached level 6 of The Dungeons of Doom. On T:4328 you reached level 7 of The Dungeons of Doom. On T:4825 you advanced to experience level 8. On T:5063 you reached level 8 of The Dungeons of Doom. On T:5722 you reached level 2 of The Gnomish Mines. On T:6161 you reached level 3 of The Gnomish Mines. On T:6196 you wished for "blessed rustproof +2 gauntlets of power". On T:6280 you reached level 4 of The Gnomish Mines. On T:6522 you advanced to experience level 9. On T:6582 you reached level 5 of The Gnomish Mines. On T:6607 you reached level 6 of The Gnomish Mines. On T:6649 you reached level 7 of The Gnomish Mines. On T:6683 you reached level 9 of The Gnomish Mines. On T:6951 you advanced to experience level 10. On T:7193 you wished for "". On T:7861 you reached level 9 of The Dungeons of Doom. On T:8037 you reached level 3 of Sokoban. On T:8100 you received advice from The Oracle. On T:8227 you advanced to experience level 11. On T:8319 you reached level 10 of The Dungeons of Doom. On T:8432 you reached level 11 of The Dungeons of Doom. On T:8575 you reached level 12 of The Dungeons of Doom. On T:8649 you reached Fort Knox. On T:8779 you reached level 13 of The Dungeons of Doom. On T:8947 you reached level 14 of The Dungeons of Doom. On T:8959 you reached level 15 of The Dungeons of Doom. On T:8976 you reached level 1 of The Quest. On T:9038 you embarked upon an epic quest. On T:9145 you reached level 2 of The Quest. On T:9207 you reached level 3 of The Quest. On T:9486 you reached level 4 of The Quest. On T:9575 you advanced to experience level 12. On T:9741 you reached level 5 of The Quest. On T:9836 you killed Thoth Amon on level 5 of The Quest. On T:10019 you completed the quest! On T:10181 you reached level 16 of The Dungeons of Doom. On T:10383 you reached level 17 of The Dungeons of Doom. On T:10426 you reached level 18 of The Dungeons of Doom. On T:10440 you reached level 19 of The Dungeons of Doom. On T:10445 you reached level 20 of The Dungeons of Doom. On T:10458 you reached level 21 of The Dungeons of Doom. On T:10589 you reached level 22 of The Dungeons of Doom. On T:10708 you reached level 23 of The Dungeons of Doom. On T:10778 you reached level 24 of The Dungeons of Doom. On T:10902 you reached level 25 of The Dungeons of Doom. On T:10998 you advanced to experience level 13. On T:11121 you killed Medusa on level 25 of The Dungeons of Doom. On T:11469 you reached level 27 of The Dungeons of Doom. On T:11597 you reached The Castle. On T:11718 you reached The Valley of the Dead. On T:11796 you advanced to experience level 14. On T:12007 you advanced to experience level 15. On T:12173 you reached level 2 of Gehennom. On T:13018 you killed Croesus in Fort Knox. On T:14601 you reached level 3 of Gehennom. On T:14636 you reached level 4 of Gehennom. On T:14653 you killed Juiblex on level 4 of Gehennom. On T:14823 you reached level 5 of Gehennom. On T:14845 you reached level 6 of Gehennom. On T:14870 you reached level 7 of Gehennom. On T:14893 you reached level 8 of Gehennom. On T:15125 you genocided all arch-liches On T:15131 you reached level 9 of Gehennom. On T:15236 you reached level 10 of Gehennom. On T:15356 you reached level 11 of Gehennom. On T:15437 you reached level 4 of Vlad's Tower. On T:15646 you reached level 3 of Vlad's Tower. On T:15693 you reached level 2 of Vlad's Tower. On T:15798 you reached level 1 of Vlad's Tower. On T:15815 you were saved from death by your amulet of life saving! On T:15818 you killed Vlad the Impaler on level 1 of Vlad's Tower. On T:16032 you reached level 12 of Gehennom. Latest messages: You are almost hit by an elven dagger. [HP+4=15] You smite the troll! (2x) The troll hits! The troll misses. The troll bites! The ice troll misses the invisible lieutenant. The ice troll hits the invisible lieutenant. The ice troll bites the invisible lieutenant. The invisible lieutenant swings her long sword at the ice troll. The invisible lieutenant hits the ice troll. The invisible lieutenant swings her long sword at the ice troll. The invisible lieutenant hits the ice troll. The Elvenking swings his elven broadsword at the ice troll. The Elvenking misses the ice troll. The Elvenking swings his elven broadsword at the ice troll. The Elvenking misses the ice troll. [HP-10=5] You kill the troll! Yeenoghu swings his crossbow. Yeenoghu hits! You die... Final status: Goodbye murrayjames the Barbarian... You died in Gehennom on dungeon level 40 with 13382 points, and 0 pieces of gold, after 16057 moves. You were level 15 with a maximum of 169 hit points when you died.